 Dungeon Crawl Stone Soup version 0.30.1-4-g462c640d31 (webtiles) character file.

Game seed: 5054438795617360493

43 safid the Chiller (level 3, -9/27 HPs)
             Began as a Merfolk Ice Elementalist on Aug 23, 2023.
             Mangled by a gnoll
             ... wielding a +0 halberd
              (15 damage)
             ... on level 2 of the Dungeon.
             The game lasted 00:02:02 (1337 turns).

safid the Chiller (Merfolk Ice Elementalist)        Turns: 1337, Time: 00:02:02

Health: -9/27      AC:  2    Str:  8    XL:     3   Next: 58%
Magic:  5/6        EV: 12    Int: 16    God:
Gold:   45         SH:  0    Dex: 14    Spells: 3/7 levels left

rFire   . . .        g - +1 hand axe (heavy)
rCold   . . .        (no shield)
rNeg    . . .        a - +0 robe
rPois   .            (no helmet)
rElec   .            (no cloak)
rCorr   .            (no gloves)
SInv    .            (no boots)
Will    .....        f - amulet of magic regeneration
Stlth   ++           (no ring)
HPRegen 0.24/turn    (no ring)
MPRegen 0.50/turn

%: no passive effects
@: freezing walls
A: (nimble swimmer 2), mertail
a: no special abilities


You were on level 2 of the Dungeon.
You visited 1 branch of the dungeon, and saw 2 of its levels.

You collected 45 gold pieces.

Inventory:

Hand Weapons
 g - a +1 heavy hand axe (weapon)
Armour
 a - a +0 robe (worn)
Jewellery
 f - an amulet of magic regeneration (around neck)
Scrolls
 e - a scroll of amnesia {unknown}
Potions
 b - a potion of magic
 d - 2 potions of brilliance {unknown}


   Skills:
 + Level 1.8 Fighting
 - Level 2.6 Dodging
 - Level 2.1 Stealth
 + Level 2.6 Spellcasting
 + Level 4.8 Ice Magic


You had 3 spell levels left.
You knew the following spells:

 Your Spells              Type           Power      Damage    Failure   Level
a - Freeze                Ice            68%        1d8       2%          1
b - Frozen Ramparts       Ice            34%        1d6       8%          3

Your spell library contained the following spells:

 Spells                   Type           Power      Damage    Failure   Level
 Ozocubu's Armour         Ice            17%        N/A       8%          3
 Call Canine Familiar     Summ           2%         N/A       52%         3
 Portal Projectile        Hex/Tloc       4%         N/A       52%         3
 Summon Ice Beast         Ice/Summ       9%         N/A       56%         4
 Leda's Liquefaction      Hex/Erth       1%         N/A       89%         4


Dungeon Overview and Level Annotations

Branches:
Dungeon (2/15)

Altars:

Shops:
D:1 =


Innate Abilities, Weirdness & Mutations

((You are very nimble when in or above water. (Stealth+, EV+, Speed+++)))
Your lower body shifts to a powerful aquatic tail in water.


Message History

[Y]es or [N]o only, please.
The spell is quite dangerous to miscast (9% risk of failure)!
Continue anyway?
Okay, then.
Casting: Frozen Ramparts (quite dangerous; 9% risk of failure)
Confirm with . or Enter, or press ? or * to list all spells.
The spell is quite dangerous to miscast (9% risk of failure)!
Continue anyway? [Y]es or [N]o only, please.
The spell is quite dangerous to miscast (9% risk of failure)!
Continue anyway?
Casting: Frozen Ramparts (quite dangerous; 9% risk of failure)
Press: ? - help, Dir - look around, f - activate The walls around you are covered in ice.
The gnoll shouts!
The wall freezes the gnoll.
The gnoll hits you with a +0 spear.
The wall freezes the gnoll.
The gnoll misses you.
Unknown command.
You hit the gnoll.
The gnoll is heavily wounded.
The wall freezes the gnoll.
The gnoll closely misses you.
The wall freezes the gnoll. x2; The gnoll hits you with a +0 spear.
Unknown command.
The gnoll shouts!
You hit the gnoll.
The gnoll is severely wounded.
The wall freezes the gnoll.
The gnoll barely misses you.
The wall freezes the gnoll.
The wall freezes the gnoll but does no damage.
The gnoll misses you.
The wall freezes the gnoll.
The gnoll hits you from afar with a +0 halberd.
* * * LOW HITPOINT WARNING * * *
The wall freezes the gnoll.
You kill the gnoll!
The wall freezes the gnoll.
Unknown command.
Unknown command.
Unknown command.
Unknown command.
The wall freezes the gnoll.
The gnoll hits you from afar with a +0 halberd!
Ouch! That really hurt!
You die...

# #######.... ###
#..g.gg....
###.#####.#####....
###....@)ggg# g
#.....#####..#
#.#....# #++#
#.###### #.# #.#
#.# #.# ######.#


You could see 3 gnolls.

Vanquished Creatures
  2 gnolls
  4 endoplasms (D:1)
  A goblin (D:1)
  4 hobgoblins (D:1)
  4 jackals (D:1)
  A ball python (D:1)
  2 frilled lizards (D:1)
  3 rats (D:1)
21 creatures vanquished.

Notes
Turn   | Place    | Note
-------+----------+-------------------------------------------
     0 | D:1      | safid the Merfolk Ice Elementalist began the quest for the
                  | Orb.
     0 | D:1      | Reached XP level 1. HP: 13/13 MP: 3/3
   339 | D:1      | Reached XP level 2. HP: 20/20 MP: 5/5
   368 | D:1      | Reached skill level 1 in Fighting
   846 | D:1      | Found Pugeir's Jewellery Boutique.
   857 | D:1      | Reached XP level 3. HP: 11/26 MP: 0/6
   861 | D:1      | Learned a level 3 spell: Frozen Ramparts
  1337 | D:2      | Mangled by a gnoll

Illustrated notes

Levels and vault maps discovered:
D:1:      dpeg_arrival_fog, layout_loops_corners, serial_shops,
          nicolae_square_shop
D:2:      kennysheep_big_flooded_room, layout_basic,
          shapermc_ecumenical_altar_petra, minmay_quantized

Skill      XL: |  1  2 |
---------------+-------+-----
Fighting       | 1 |  1.8
Dodging        | |  2.6
Stealth        | |  2.1
Spellcasting   | |  2.6
Ice Magic      | |  4.8

Action                     || total
---------------------------++-------
  Melee: Dagger            ||    43
         Unarmed           ||     5
         Punch             ||     2
         Hand axe          ||     2
   Cast: Freeze            ||    29
         Frozen Ramparts   ||     1
   Stab: Sleeping          ||     2
 Armour: Robe              ||    11
  Dodge: Dodged            ||    45
